Map: Eternal Empire LE

Players

Serral - Winner!

  • Race: Zerg Zerg
  • League: Master
  • Spawn Location: 1:00

Rail

  • Race: Protoss Protoss
  • League: Grandmaster
  • Spawn Location: 7:00

Event: DreamHack SC2 Masters 2020 Summer Europe

VOD

Have the link to the VOD?

Description

Time

  • Played on: June 30, 2020, 10:27 a.m.
  • Length: 10:46

All games in this series

Show
View Real Time Build Order
Export as new Build Order

Serral Zerg - Winner!

Build Orders: Hatch First 

Get SALT Encoding   

  12  0:00  Drone  
  13  0:12  Overlord  
  13  0:16  Drone  
  14  0:30  Drone x2  
  16  0:47  Hatchery  
  15  0:51  Drone  
  15  0:55  Drone  
  17  0:58  Drone  
  18  1:09  Extractor  
  17  1:13  Spawning Pool  
  17  1:16  Drone  
  17  1:20  Drone  
  18  1:27  Drone  
  19  1:38  Drone  
  20  1:49  Overlord  
  20  1:59  Queen x2  
  20  2:00  Zergling x4  
  26  2:10  Drone  
  26  2:11  Drone  
  28  2:21  Drone x2  
  30  2:29  Hatchery  
  29  2:35  Pneumatized Carapace  
  29  2:37  Drone  
  29  2:40  Drone  
  31  2:46  Overlord  
  31  2:49  Drone  
  32  2:54  Drone x2  
  34  2:59  Queen  
  34  3:04  Metabolic Boost  
  36  3:08  Drone  
  36  3:09  Drone  
  36  3:11  Drone  
  36  3:12  Drone  
  40  3:17  Overlord  
  40  3:19  Drone  
  41  3:21  Drone  
  42  3:29  Drone  
  42  3:33  Drone  
  44  3:35  Queen  
  44  3:37  Drone x2  
  44  3:39  Drone x2  
  44  3:40  Drone  
  51  3:45  Queen  
  53  3:49  Drone, Overlord  
  53  3:52  Drone  
  53  3:53  Drone  
  53  3:55  Drone  
  57  3:57  Drone  
  57  4:02  Lair  
  58  4:06  Overlord  
  58  4:08  Drone x3  
  61  4:10  Drone  
  62  4:17  Roach Warren, Extractor  
  62  4:18  Drone x2  
  62  4:19  Drone, Extractor  
  62  4:20  Drone x2  
  64  4:25  Evolution Chamber, Drone  
  64  4:26  Drone  
  64  4:27  Drone  
  64  4:28  Drone  
  67  4:31  Overlord  
  67  4:34  Drone  
  67  4:35  Drone  
  69  4:42  Zergling x2  
  69  4:44  Spore Crawler  
  69  4:46  Zergling x10  
  69  4:47  Overlord  
  69  4:48  Overlord  
  69  4:50  Extractor  
  69  4:52  Zerg Melee Weapons Level 1  
  73  4:56  Drone x2  
  73  4:57  Drone, Extractor  
  75  5:00  Glial Reconstitution  
  75  5:04  Drone x3, Spore Crawler  
  75  5:05  Drone  
  75  5:06  Overseer  
  78  5:07  Overlord  
  78  5:11  Drone  
  78  5:12  Baneling Nest  
  78  5:14  Drone, Extractor  
  77  5:16  Drone  
  79  5:22  Overlord  
  79  5:24  Drone x3  
  79  5:27  Hatchery  
  81  5:30  Drone x2  
  81  5:31  Drone  
  81  5:33  Overlord  
  81  5:35  Overlord  
  84  5:38  Roach  
  86  5:43  Roach x3  
  86  5:47  Overlord  
  86  5:49  Roach x2  
  96  5:55  Centrifical Hooks  
  96  5:56  Overlord  
  96  5:57  Roach  
  96  5:58  Roach  
  96  6:02  Ravager  
  96  6:04  Ravager x3  
  104  6:06  Roach x2  
  104  6:07  Zergling x2  
  104  6:10  Hatchery  
  108  6:15  Overlord  
  108  6:17  Overlord  
  108  6:21  Baneling x6  
  108  6:28  Roach  
  108  6:29  Roach, Zergling x20  
  108  6:32  Overlord  
  122  6:35  Overlord  
  122  6:36  Overlord  
  122  6:40  Drone x5  
  122  6:41  Ravager  
  122  6:47  Drone x2, Spire  
  130  6:51  Drone  
  130  6:53  Overlord  
  130  6:55  Overlord  
  130  6:56  Overlord  
  130  6:58  Zerg Melee Weapons Level 2  
  130  7:01  Baneling x4  
  130  7:05  Zergling x10  
  130  7:07  Ravager x4  
  139  7:14  Drone x2  
  139  7:15  Overlord  
  141  7:18  Zergling x8  
  143  7:33  Zergling x16  
  150  7:38  Drone x3, Infestation Pit  
  150  7:41  Overlord  
  152  7:45  Queen  
  152  7:46  Drone x2  
  152  7:47  Drone  
  152  7:48  Overlord  
  152  7:50  Zergling x10  
  162  7:53  Baneling  
  162  7:54  Baneling x9  
  162  7:55  Hatchery  
  161  8:00  Drone  
  161  8:02  Corruptor x2  
  161  8:03  Corruptor  
  168  8:08  Baneling  
  168  8:09  Baneling x11  
  168  8:11  Zergling x6  
  171  8:17  Baneling x7  
  169  8:30  Zergling x28  
  161  8:39  Zergling x2  
  146  8:43  Roach x3, Zergling x10  
  146  8:46  Baneling x6  
  157  8:48  Baneling  
  157  8:49  Baneling x5  
  157  8:50  Hive  
  157  8:53  Drone  
  158  8:57  Zergling x12  
  158  9:00  Zergling x2  
  158  9:02  Baneling x9  
  165  9:03  Unknown  
  165  9:06  Zergling x8  
  167  9:13  Baneling  
  167  9:14  Baneling x2  
  166  9:17  Drone x3  
  166  9:18  Drone x2, Zergling x12  
  177  9:26  Zergling x12  
  183  9:31  Drone  
  183  9:32  Overlord  
  183  9:33  Baneling x8  
  183  9:37  Zergling x12  
  190  9:44  Zergling x14  
  182  9:54  Zergling x10  
  184  10:00  Zergling x18  
  184  10:03  Baneling x27  
  181  10:07  Zergling x4  
  181  10:09  Ravager x3  
  181  10:12  Baneling x4  
  184  10:16  Zergling x20  
  184  10:19  Zergling x6  
  178  10:22  Baneling x8  
  178  10:24  Baneling x3  
Show
View Real Time Build Order
Export as new Build Order

Rail Protoss 

Build Orders: Nexus First 

Get SALT Encoding   

  12  0:01  Probe  
  13  0:13  Probe  
  14  0:18  Pylon  
  14  0:24  Probe  
  15  0:32  Probe  
  15  0:40  Probe  
  17  0:51  Probe  
  18  1:01  Nexus  
  18  1:10  Gateway  
  18  1:13  Probe  
  19  1:19  Assimilator  
  19  1:25  Probe  
  20  1:27  Assimilator  
  20  1:33  Probe  
  20  1:37  Pylon  
  21  1:41  Probe  
  22  1:52  Probe  
  23  1:57  Cybernetics Core  
  23  1:58  Zealot  
  25  2:04  Probe  
  26  2:09  Probe  
  26  2:14  Probe  
  27  2:17  Gateway, Probe  
  27  2:22  Probe  
  29  2:27  Probe  
  31  2:30  Probe  
  31  2:34  Sentry, Warp Gate  
  34  2:39  Probe  
  34  2:42  Probe  
  36  2:46  Robotics Facility  
  36  2:51  Probe  
  36  2:55  Shield Battery  
  36  2:57  Probe  
  38  3:01  Stalker  
  38  3:03  Probe  
  41  3:09  Pylon  
  41  3:10  Probe  
  41  3:12  Probe  
  43  3:19  Pylon, Probe  
  45  3:23  Probe  
  46  3:27  Probe  
  46  3:28  Assimilator  
  46  3:36  Robotics Bay, Probe  
  46  3:41  Warp Prism  
  47  3:44  Assimilator  
  47  3:45  Probe  
  50  3:48  Probe  
  50  3:53  Pylon  
  51  3:57  Probe  
  51  3:59  Gateway  
  51  4:00  Probe  
  51  4:02  Gateway  
  53  4:12  Gateway  
  53  4:13  Gateway, Gravitic Drive  
  53  4:15  Disruptor  
  56  4:31  Zealot  
  56  4:36  Gateway  
  58  4:41  Pylon  
  58  4:42  Sentry  
  60  4:48  Nexus  
  60  4:51  Probe x2  
  62  4:54  Pylon  
  62  4:55  Observer  
  63  5:01  Sentry  
  63  5:05  Stalker  
  67  5:07  Probe  
  67  5:08  Probe  
  69  5:16  Immortal  
  69  5:17  Probe, Pylon  
  69  5:19  Probe  
  75  5:25  Probe  
  75  5:27  Probe  
  75  5:32  Stalker, Zealot  
  75  5:33  Probe  
  81  5:35  Zealot  
  81  5:36  Zealot  
  81  5:37  Probe  
  87  5:48  Probe  
  88  5:51  Stalker, Zealot x2  
  88  5:53  Pylon  
  94  6:00  Probe  
  94  6:02  Probe  
  94  6:03  Probe  
  97  6:08  Probe  
  97  6:13  Stalker, Forge, Twilight Council  
  97  6:14  Probe  
  97  6:15  Probe  
  97  6:16  Assimilator  
  97  6:17  Probe  
  102  6:25  Assimilator  
  103  6:26  Stalker, Probe  
  103  6:27  Probe  
  103  6:32  Gateway  
  107  6:34  Colossus  
  107  6:37  Probe  
  114  6:41  Probe  
  114  6:43  Extended Thermal Lance  
  114  6:46  Protoss Ground Weapons Level 1, Pylon  
  115  6:50  Blink  
  115  6:53  Templar Archives  
  115  6:55  Pylon  
  115  7:04  Pylon  
  115  7:08  Pylon  
  115  7:13  Pylon  
  115  7:16  Stalker x3  
  115  7:18  Sentry  
  123  7:24  Pylon  
  123  7:25  Stalker  
  123  7:27  Colossus  
  123  7:29  Probe  
  129  7:30  Probe x2  
  123  7:41  Probe x2  
  123  7:42  Nexus, Probe  
  125  7:50  Probe  
  126  7:52  Probe x2  
  126  7:57  Stalker  
  131  7:58  Probe  
  131  8:00  Probe x2  
  131  8:03  High Templar x3  
  131  8:04  High Templar  
  142  8:06  Probe  
  142  8:08  Archon x2, Probe  
  142  8:09  High Templar x2  
  148  8:13  Gateway  
  148  8:14  Gateway  
  148  8:15  Archon  
  148  8:18  Stalker  
  150  8:24  Stalker  
  130  8:36  Probe x3  
  130  8:40  Pylon  
  130  8:41  High Templar x2  
  116  8:42  Stalker  
  116  8:44  Probe x3  
  116  8:46  Archon  
  117  8:55  Stalker x2  
  121  8:57  Stalker  
  121  8:58  Stalker  
  125  9:09  Probe  
  126  9:11  Probe  
  126  9:14  Probe  
  126  9:15  Probe  
  129  9:19  High Templar x2, Probe  
  129  9:21  Probe  
  135  9:24  Archon  
  135  9:26  Probe  
  135  9:27  Probe, Zealot  
  135  9:28  Stalker  
  135  9:29  Probe  
  141  9:33  Probe  
  141  9:35  Stalker  
  145  9:38  Probe  
  145  9:39  Probe  
  145  9:42  Stalker x3  
  145  9:44  Probe  
  154  9:50  Stalker  
  156  9:55  Probe  
  156  9:57  Probe x2  
  157  10:08  High Templar x2, Pylon  
  157  10:09  Stalker x4  
  157  10:10  Pylon  
  157  10:12  Zealot  
  157  10:13  Archon  
  171  10:20  Stalker, Zealot x2  
Tags
 
Add a new tag
Caveats
  • Supply blocks, unpowered buildings, or Contaminate may cause inaccurate times.
  • Supply counts are checked every 10 seconds.